 Dungeon Crawl Stone Soup version 0.29.1-14-g9c671dbff4 (webtiles) character file.

Game seed: 18154630066133098190

8 adizb the Shooter (level 2, 0/17 HPs)
             Began as a Deep Elf Hunter on Feb 15, 2023.
             Slain by an endoplasm (1 damage)
             ... on level 1 of the Dungeon.
             The game lasted 00:02:22 (117 turns).

adizb the Shooter (Deep Elf Hunter)                  Turns: 117, Time: 00:02:22

Health: 0/17       AC:  3    Str:  8    XL:     2   Next: 0%
Magic:  5/5        EV: 12    Int: 19    God:
Gold:   0          SH:  0    Dex: 18    Spells: 3/3 levels left

rFire   . . .      SeeInvis .   f - +0 dagger
rCold   . . .      Faith    .   (no shield)
rNeg    . . .      Spirit   .   c - +0 leather armour
rPois   .          Reflect  .   (no helmet)
rElec   .          Harm     .   (no cloak)
rCorr   .          Rampage  .   (no gloves)
Will    .....                   (no boots)
Stlth   ++........              (no amulet)
HPRegen 0.05/turn               d - +6 ring of intelligence
MPRegen 0.09/turn               (no ring)

@: no status effects
A: no striking features
a: no special abilities


You were on level 1 of the Dungeon.
You visited 1 branch of the dungeon, and saw 1 of its levels.

Inventory:

Hand Weapons
 a - a +0 shortbow
 f - a +0 dagger (weapon)
Armour
 c - a +0 leather armour (worn)
Jewellery
 d - a +6 ring of intelligence (left hand)
Scrolls
 b - a scroll of immolation
 e - a scroll of identify {unknown}


   Skills:
 + Level 1.7 Fighting
 * Level 5.6 Ranged Weapons
 - Level 2.4 Dodging
 - Level 1.2 Stealth
 + Level 1.0 Spellcasting


You had 3 spell levels left.
You didn't know any spells.
Your spell library was empty.

Dungeon Overview and Level Annotations

Branches:
Dungeon (1/15)

Altars:


Message History

The giant cockroach attacks as you move away!
The giant cockroach closely misses you.
You barely miss the giant cockroach.
The giant cockroach is severely wounded.
The giant cockroach completely misses you.
The giant cockroach barely misses you.
You hit the giant cockroach but do no damage.
The giant cockroach is severely wounded.
The giant cockroach closely misses you.
The giant cockroach attacks as you move away!
The giant cockroach misses you.
Okay, then.
You aren't carrying any potions.
The endoplasm attacks as you move away! The endoplasm misses you.
The endoplasm attacks as you move away! The endoplasm barely misses you.
The giant cockroach waves its antennae.
The endoplasm attacks as you move away! The endoplasm barely misses you.
The giant cockroach attacks as you move away!
The giant cockroach barely misses you.
The giant cockroach attacks as you move away!
The giant cockroach completely misses you.
The giant cockroach bites you but does no damage.
You hit the giant cockroach.
The giant cockroach is almost dead.
The giant cockroach bites you.
* * * LOW HITPOINT WARNING * * *
You hit the giant cockroach.
You kill the giant cockroach!
The endoplasm barely misses you.
Your Spellcasting skill increases to level 1!
You have reached level 2!
The endoplasm attacks as you move away! The endoplasm hits you.
* * * LOW HITPOINT WARNING * * *
The endoplasm attacks as you move away!
The endoplasm hits you but does no damage.
The endoplasm attacks as you move away! The endoplasm misses you.
The endoplasm attacks as you move away! The endoplasm closely misses you.
The endoplasm attacks as you move away! The endoplasm closely misses you.
The endoplasm attacks as you move away! The endoplasm hits you.
You die...

..........
#........#
##........###
#....(.......
#..........#
#..........#
#..........########
#..........@J.....##
.#
##.....#.########..#
..# ##..†.# #..#
...# ###..#
#..##.... #..#
#........ #..#
#......#. ##.#
#.........# #J#####
#........~♣♣ #.#...
#.†.....~~≈≈


You could see an endoplasm.

Vanquished Creatures
  An endoplasm (D:1)
  2 giant cockroaches (D:1)
  A goblin (D:1)
  2 hobgoblins (D:1)
6 creatures vanquished.

Notes
Turn   | Place    | Note
-------+----------+-------------------------------------------
     0 | D:1      | adizb the Deep Elf Hunter began the quest for the Orb.
     0 | D:1      | Reached XP level 1. HP: 12/12 MP: 3/3
   105 | D:1      | Reached skill level 1 in Spellcasting
   105 | D:1      | Reached XP level 2. HP: 2/17 MP: 5/5
   117 | D:1      | Slain by an endoplasm

Illustrated notes

Levels and vault maps discovered:
D:1:      reono_arrival_forest_river, layout_rooms,
          shapermc_ecumenical_altar_flowoftime, minivault_27

Skill      XL: |  1 |
---------------+----+-----
Spellcasting   | 1 |  1.0
Fighting       | |  1.7
Ranged Weapons | |  5.6
Dodging        | |  2.4
Stealth        | |  1.2

Action                   || total
-------------------------++-------
Melee: Dagger            ||    11
 Fire: Shortbow          ||    23
Armor: Leather armour    ||    11
Dodge: Dodged            ||    23
